 Dungeon Crawl Stone Soup version 0.26.1-11-gd32895ea62 (webtiles) character file.

Game seed: 922618617872037091

520994 Gorgoleon the Slayer (level 25, -10/228 HPs)
             Began as a Merfolk Gladiator on June 2, 2021.
             Was the Champion of Okawaru.
             Mangled by a frost giant
             ... wielding a +2 battleaxe of freezing
              (37 damage)
             ... on level 5 of the Vaults.
             The game lasted 04:54:27 (71964 turns).

Gorgoleon the Slayer (Merfolk Gladiator)           Turns: 71964, Time: 04:54:28

Health: -10/228    AC: 37    Str: 24    XL:     25   Next: 88%
Magic:  29/29      EV: 25    Int:  9    God:    Okawaru [******]
Gold:   4188       SH:  0    Dex: 18    Spells: 24/24 levels left

rFire    + + .     SeeInvis +   Q - +9 demon trident (elec)
rCold    + + .     Faith    .   S - +5 kite shield {rC+ rF+}
rNeg     + + +     Spirit   .   g - +9 plate armour of Free Will {rC- rN+++ Dex+2 Stlth+}
rPois    .         Reflect  +   (helmet restricted)
rElec    +         Harm     .   a - scarf {rC+ rF+}
rCorr    .         Rampage  .   f - +2 pair of gloves
Will     +....                  i - +2 pair of boots {run}
Stlth    ..........             M - amulet of reflection
HPRegen  0.48/turn              b - ring of Midsummer {rElec rN+ SInv Stlth+}
MPRegen  0.21/turn              h - ring of protection from cold

@: confused, mighty, heroism, hasted and slowed, quick
A: change form in water, swift swim, stealthy swim, horns 2, see invisible, no
potion heal 1
}: 2/15 runes: serpentine, barnacled
a: Renounce Religion, Heroism, Finesse


You were on level 5 of the Vaults.
You worshipped Okawaru.
Okawaru was exalted by your worship.
You visited 9 branches of the dungeon, and saw 45 of its levels.
You also visited: Ossuary and Ice Cave.

You collected 7836 gold pieces.
You spent 3648 gold pieces at shops.

Inventory:

Hand Weapons
 Q - a +9 demon trident of electrocution (weapon)
Missiles
 d - 11 throwing nets
 u - 23 silver boomerangs
 v - 66 silver javelins
 y - 71 javelins
 H - 145 boomerangs (quivered)
Armour
 a - a scarf of resistance (worn)
 f - a +2 pair of gloves (worn)
 g - the +9 plate armour of Free Will (worn) {rC- rN+++ Dex+2 Stlth+}
   (Okawaru gifted it to you on level 4 of the Snake Pit)

   It affects your dexterity (+2).
   It makes you vulnerable to cold.
   It renders you almost immune to negative energy.
   It makes you more stealthy.
 i - a +2 pair of boots of running (worn)
 S - a +5 kite shield of resistance (worn)
Jewellery
 b - the ring of Midsummer (left hand) {rElec rN+ SInv Stlth+}
   (You found it on level 4 of the Shoals)

   [ring of see invisible]

   It insulates you from electricity.
   It protects you from negative energy.
   It lets you see invisible.
   It makes you more stealthy.
 h - a ring of protection from cold (right hand)
 M - an amulet of reflection (around neck)
Wands
 x - a wand of digging (6)
Scrolls
 c - 12 scrolls of identify
 e - 13 scrolls of teleportation
 k - a scroll of magic mapping
 n - a scroll of silence
 q - 7 scrolls of fog
 r - 21 scrolls of remove curse
 s - 6 scrolls of fear
 F - 3 scrolls of summoning
 I - a scroll of blinking
 T - a scroll of holy word
Potions
 o - a potion of cancellation
 p - 5 potions of invisibility
 w - a potion of might
 A - 9 potions of flight
 B - 5 potions of heal wounds
 D - 3 potions of haste
 E - 2 potions of resistance
 G - 13 potions of curing
 R - a potion of ambrosia
 X - a potion of berserk rage
Miscellaneous
 j - a condenser vane
 m - a tin of tremorstones (2/2)


   Skills:
 + Level 25.2(27) Fighting
 - Level 14.0(19.0) Polearms
 - Level 16.0(21.0) Throwing
 - Level 18.0(23.0) Armour
 * Level 22.2(27) Dodging
 - Level 15.0(20.0) Shields
 - Level 8.0 Invocations
 - Level 5.0 Evocations


You had 24 spell levels left.
You didn't know any spells.
Your spell library contained the following spells:

 Spells                   Type           Power        Failure   Level
 Animate Skeleton         Necr           0%           88%         1
 Apportation              Tloc           0%           88%         1
 Beastly Appendage        Tmut           0%           88%         1
 Corona                   Hex            0%           88%         1
 Freeze                   Ice            0%           88%         1
 Pain                     Necr           0%           88%         1
 Shock                    Conj/Air       0%           88%         1
 Sting                    Tmut/Pois      0%           88%         1
 Summon Small Mammal      Summ           0%           88%         1
 Passwall                 Tmut/Erth      0%           95%         2
 Poisonous Vapours        Pois/Air       0%           95%         2
 Slow                     Hex            0%           95%         2
 Swiftness                Air            0%           95%         2
 Wereblood                Tmut           0%           95%         2
 Confusing Touch          Hex            0%           99%         3
 Conjure Flame            Conj/Fire      0%           99%         3
 Dazzling Flash           Conj/Hex       0%           99%         3
 Frozen Ramparts          Ice            0%           99%         3
 Gell's Gravitas          Tloc           0%           99%         3
 Ignite Poison            Fire/Tmut/Pois 0%           99%         3
 Inner Flame              Hex/Fire       0%           99%         3
 Mephitic Cloud           Conj/Pois/Air  0%           99%         3
 Ozocubu's Armour         Ice            0%           99%         3
 Portal Projectile        Hex/Tloc       0%           99%         3
 Spider Form              Tmut/Pois      0%           99%         3
 Static Discharge         Conj/Air       0%           99%         3
 Summon Guardian Golem    Hex/Summ       0%           99%         3
 Vampiric Draining        Necr           0%           99%         3
 Animate Dead             Necr           0%           100%        4
 Cause Fear               Hex            0%           100%        4
 Fulminant Prism          Conj/Hex       0%           100%        4
 Hailstorm                Conj/Ice       0%           100%        4
 Ice Form                 Ice/Tmut       0%           100%        4
 Leda's Liquefaction      Hex/Erth       0%           100%        4
 Olgreb's Toxic Radiance  Pois           0%           100%        4
 Passage of Golubria      Tloc           N/A          100%        4
 Petrify                  Tmut/Erth      0%           100%        4
 Summon Ice Beast         Ice/Summ       0%           100%        4
 Agony                    Necr           0%           100%        5
 Blade Hands              Tmut           0%           100%        5
 Bolt of Magma            Conj/Fire/Erth 0%           100%        5
 Fireball                 Conj/Fire      0%           100%        5
 Iskenderun's Battlesphe  Conj           0%           100%        5
 Lee's Rapid Deconstruct  Erth           0%           100%        5
 Metabolic Englaciation   Hex/Ice        0%           100%        5
 Summon Demon             Summ           0%           100%        5
 Summon Forest            Summ/Tloc      0%           100%        5
 Summon Mana Viper        Hex/Summ       0%           100%        5
 Yara's Violent Unravell  Hex/Tmut       0%           100%        5
 Eringya's Noxious Bog    Tmut/Pois      0%           100%        6
 Freezing Cloud           Conj/Ice/Air   0%           100%        6
 Hydra Form               Tmut           0%           100%        6
 Invisibility             Hex            0%           100%        6
 Iron Shot                Conj/Erth      0%           100%        6
 Shadow Creatures         Summ           N/A          100%        6
 Starburst                Conj/Fire      0%           100%        6
 Orb of Destruction       Conj           0%           100%        7
 Spellforged Servitor     Conj/Summ      0%           100%        7
 Summon Hydra             Summ           0%           100%        7
 Chain Lightning          Conj/Air       0%           100%        8
 Ignition                 Fire           0%           100%        8
 Lehudib's Crystal Spear  Conj/Erth      0%           100%        8
 Absolute Zero            Ice            0%           100%        9
 Fire Storm               Conj/Fire      0%           100%        9


Dungeon Overview and Level Annotations

Branches:
Dungeon (15/15)            Temple (1/1) D:5            Lair (6/6) D:10
 Shoals (4/4) Lair:4        Snake (4/4) Lair:3        Slime (0/5) Lair:5
    Orc (2/2) D:10            Elf (3/3) Orc:2        Vaults (5/5) D:14
  Crypt (0/3) Vaults:3     Depths (5/5) D:15            Zot (0/5) Depths:5
Ossuary (visited)           IceCv (visited)

Altars:
Ashenzari
Cheibriados
Dithmenos
Elyvilon
Fedhas
Gozag
Hepliaklqana
Kikubaaqudgha
Makhleb
Nemelex Xobeh
Okawaru
Qazlal
Ru
Sif Muna
Trog
Uskayaw
Vehumet
Wu Jian
Yredelemnul
Zin
Jiyva

Shops:
D:4 [   D:9 ?   D:12 [   Orc:1 :   Orc:2 =(:[   Elf:1 ?!((   Shoals:2 :[=!
Snake:1 ?   Snake:4 :(   Vaults:1 (((*[

Portals:
Hell: Depths:1 Depths:2 Depths:3 Depths:4 Depths:5
Abyss: Depths:3 Depths:4 Depths:5
Pandemonium: Depths:1 Depths:3
Ziggurat: Depths:3

Annotations:
D:10 3 runed translucent doors, Zeld's ghost, journeyman MiBe
D:11 3 runed translucent doors, Zeld's ghost, journeyman OpGl
D:12 3 runed translucent doors, Duder's ghost, journeyman MiBe
D:13 exclusion: ice statue
Vaults:1 1 transporter
Depths:5 3 runed translucent doors, Dameikh's ghost, veteran FoFi; Gemnonof's ghost, adept DgCj; Rogirigh's ghost, journeyman MiBe


Innate Abilities, Weirdness & Mutations

You revert to your normal form in water.
You are very nimble and swift while swimming.
You are very stealthy in the water. (Stealth+)
You have a pair of horns on your head.
You have supernaturally acute eyesight. (SInv)
Potions are less effective at restoring your health.


Message History

Okawaru accepts your kill.
The runic seals fade away.
The frost giant casts a spell at you. The bolt of cold hits you. You resist.
* * * LOW HITPOINT WARNING * * *
The sphinx mumbles some strange words.
You are confused.
You are too confused!
You skewer the sphinx like a kebab!!! You headbutt the sphinx!
The sphinx is heavily wounded.
The frost giant hits you but does no damage.
The sphinx mumbles some strange words.
Something smites you!
* * * LOW HITPOINT WARNING * * *
The vault sentinel blows a loud note on a signal horn!
You hear a shout! x5; You hear a deafening roar!
You hear a shout! x3
The sphinx mumbles some strange words.
You resist with some effort.
The frost giant hits you with a +2 battleaxe of freezing!!!
You die...

#..#....# #..#....#
#(.#....# .
.##+##..#....# ..
.....).))#))..# (..
(.....)))#[..(#...#
.........[)).....#
#########)([.....###
.......(@H))<<......
........Cp(<))<.....
..........p(<<......
....................
#########........###
...........
##.#....#...#
..#....#.#.#
#.#....#


You could see a frost giant (strong), a sphinx, a vault sentinel (catching
breath) and an ironbrand convoker.

Vanquished Creatures
  Mara (Depths:4)
  A juggernaut (Depths:4)
  Bai Suzhen (Vaults:2)
  Sojobo (Depths:1)
  Boris (twice) (Vaults:4 Vaults:5)
  Xtahua (Vaults:3)
  2 caustic shrikes (Depths:4)
  4 golden dragons
  4 tentacled monstrosities
  2 liches
  A titan (Vaults:5)
  A quicksilver dragon (Vaults:5)
  3 deep elf blademasters
  2 deep elf master archers (Elf:3)
  3 sphinxes
  Frances (Elf:1)
  6 tengu reavers
  Gastronok (D:8)
  Polyphemus (Shoals:4)
  Donald (Elf:1)
  3 storm dragons
  7 nagarajas
  Agnes (D:14)
  Kirke (Snake:3)
  A revenant (Depths:2)
  8 frost giants
  4 shadow dragons
  A draconian knight (Depths:5)
  3 deep elf sorcerers (Elf:3)
  4 fire giants
  Aizul (Vaults:2)
  17 vault wardens
  An orc warlord (Orc:1)
  6 deep elf elementalists
  A ghoul (Vaults:3)
  A caustic shrike skeleton (Depths:2)
  A spriggan defender (Depths:4)
  19 very ugly things
  19 stone giants
  14 ironheart preservers
  2 draconian stormcallers (Depths:5)
  3 green draconians (Depths:5)
  14 vampire knights
  8 deep elf demonologists
  A purple draconian (Depths:5)
  A yellow draconian (Depths:5)
  3 entropy weavers
  10 spark wasps
  10 deep elf annihilators
  A white draconian (Depths:5)
  13 ettins
  6 merfolk javelineers (Shoals:4)
  4 fire dragons
  7 deep elf death magi
  2 eidola (Vaults:3)
  A jiangshi (Depths:2)
  17 naga warriors
  8 merfolk impalers
  8 great orbs of eyes
  6 deep elf high priests
  37 vault guards
  8 yaktaur captains
  A rakshasa (Vaults:1)
  10 ice dragons
  4 boulder beetles
  9 hydras
  Erica (D:9)
  Harold (D:8)
  14 anacondas
  5 catoblepae
  3 merfolk avatars
  A hell beast (Depths:2)
  12 centaur warriors
  3 satyrs
  4 spriggan air magi
  41 two-headed ogres
  27 dancing weapons
  2 death knights
  9 ogre magi
  7 tengu warriors
  4 deep troll earth magi
  8 deep troll shamans
  8 shock serpents
  2 death yaks (Shoals:4)
  4 spriggan berserkers
  2 vampire magi
  16 naga sharpshooters
  2 orc high priests
  A titan zombie (Depths:2)
  2 small abominations (Elf:3)
  Urug (Lair:4)
  2 soul eaters
  5 hell knights (Depths:2)
  3 spriggans
  2 iron trolls
  29 deep elf knights
  16 sea snakes
  2 shadow wraiths
  3 glowing orange brains
  A fire crab (shapeshifter) (Vaults:2)
  2 salamander mystics (Snake:3)
  A storm dragon skeleton (Depths:2)
  5 skeletal warriors
  A spark wasp zombie (Depths:2)
  4 unseen horrors
  An unseen horror (shapeshifter) (D:14)
  3 golden dragon skeletons (Depths:2)
  35 deep trolls
  3 flayed ghosts
  8 naga ritualists
  A swamp dragon (shapeshifter) (Depths:5)
  3 phantasmal warriors
  14 ironbrand convokers
  5 wizards
  14 orc knights
  12 ugly things
  17 deep elf archers
  20 harpies
  A tengu zombie (Depths:2)
  2 lindwurms (Lair:6)
  A wolf spider (Vaults:4)
  A necromancer (Vaults:3)
  67 deep elf magi
  9 orc sorcerers
  A fire giant zombie (Depths:2)
  7 mana vipers
  15 manticores
  An oklob plant (D:10)
  4 cyclopes
  8 fauns (Shoals:2)
  2 stone giant zombies
  9 elephants
  15 salamanders
  15 guardian serpents
  Joseph (D:8)
  A rust devil (Depths:1)
  4 merfolk sirens
  A frost giant zombie (Depths:2)
  26 black mambas
  24 naga magi
  A torpor snail (Lair:2)
  14 vault sentinels
  4 water nymphs
  2 molten gargoyles (Lair:6)
  A fire giant skeleton (Depths:2)
  2 frost giant skeletons (Depths:2)
  Maggie (D:9)
  9 cane toads
  3 gargoyles
  59 yaktaurs
  4 rime drakes
  15 komodo dragons
  A spriggan zombie (Depths:2)
  5 spectral swamp worms (Depths:4)
  A yaktaur (shapeshifter) (Vaults:3)
  A tormentor (Depths:1)
  7 freezing wraiths
  2 tengu conjurers
  An ice devil (Depths:2)
  4 trolls
  34 merfolk
  2 red devils
  A jumping spider (Vaults:5)
  9 polar bears
  26 blink frogs
  Grinder (D:4)
  6 hornets
  2 tengu simulacra (Vaults:3)
  20 slime creatures
  A sphinx simulacrum (Vaults:2)
  7 wind drakes
  10 dream sheep
  2 centaur simulacra (D:15)
  A spriggan skeleton (Depths:2)
  15 snapping turtles
  4 flying skulls (Depths:2)
  An air elemental (Elf:3)
  An ettin zombie (Depths:2)
  2 wraiths
  2 ettin skeletons
  A shadow (D:12)
  5 wyverns
  Sigmund (D:5)
  4 redbacks
  38 yaks
  7 basilisks
  7 water elementals
  5 fire elementals
  3 hogs (Snake:3)
  2 yaks (shapeshifter)
  A chaos spawn (Depths:1)
  Grum (D:9)
  2 steam dragons (Lair:6)
  A hog (shapeshifter) (Elf:3)
  A neqoxec (Depths:1)
  A human simulacrum (Vaults:2)
  11 vampire mosquitoes
  A warg (shapeshifter) (Vaults:3)
  43 nagas
  5 wargs
  A swamp worm (shapeshifter) (Vaults:5)
  An acid dragon (Vaults:1)
  2 soldier ants
  18 water moccasins
  A tengu skeleton (Depths:2)
  4 hell hounds (Lair:6)
  2 black bears (D:8)
  4 ice beasts
  50 orc warriors
  5 phantoms
  2 eyes of draining (shapeshifter)
  4 eyes of draining
  An ettin simulacrum (Vaults:3)
  29 ogres
  4 necrophages (D:9)
  5 boggarts (D:15)
  3 sky beasts
  28 wolves
  31 centaurs
  4 big kobolds
  A bullfrog (shapeshifter) (Vaults:4)
  A big kobold (shapeshifter) (Vaults:4)
  Blork the orc (D:4)
  19 bullfrogs
  A wyvern zombie (D:13)
  A glowing shapeshifter simulacrum (Vaults:3)
  3 water moccasin zombies (Ossuary)
  6 scorpions
  11 killer bees
  3 electric eels
  11 wights
  4 howler monkeys
  A crimson imp (Depths:1)
  2 centaur zombies
  3 bullfrog zombies
  4 jellies
  4 lava snakes (Lair:6)
  22 orc priests
  4 hounds
  39 orc wizards
  4 quasits
  2 bullfrog skeletons
  3 iron imps
  5 centaur skeletons
  7 iguanas
  12 worker ants
  2 killer bee zombies
  A hound zombie (D:6)
  A hound skeleton (D:7)
  3 mummies
  3 gnolls (D:2)
  12 adders
  3 shadow imps
  2 white imps
  4 ufetubi
  3 oozes
  10 adder zombies
  9 worms
  6 leopard geckos
  89 orcs
  3 giant cockroaches
  6 gnoll zombies (Ossuary)
  13 goblins
  6 hobgoblins
  12 jackals
  8 quokkas
  A ball python (D:5)
  7 bats
  7 frilled lizards
  4 hobgoblin zombies (Ossuary)
  A jackal skeleton (D:4)
  23 kobolds
  4 kobold zombies (Ossuary)
  A leopard gecko skeleton (D:5)
  5 orc zombies (Ossuary)
  A quokka skeleton (D:5)
  6 rats
  2 crawling corpses (Elf:3)
2008 creatures vanquished.

Vanquished Creatures (collateral kills)
  2 hell knights (Depths:2)
2 creatures vanquished.

Vanquished Creatures (others)
  An ironheart preserver (Vaults:3)
  A deep elf knight (Elf:2)
  A manticore (D:12)
  A tengu conjurer (D:15)
  A naga (Snake:3)
  2 orc wizards (Orc:2)
  3 orcs
  3 bushes (D:2)
  23 fungi
  84 plants
  9 tentacles (Shoals:1)
  4 toadstools (D:1)
  2 withered plants (Depths:5)
135 creatures vanquished.

Grand Total: 2145 creatures vanquished

Notes
Turn   | Place    | Note
-------+----------+-------------------------------------------
     0 | D:1      | Gorgoleon the Merfolk Gladiator began the quest for the
                  | Orb.
     0 | D:1      | Reached XP level 1. HP: 16/16 MP: 1/1
   134 | D:1      | Reached XP level 2. HP: 22/22 MP: 2/2
   507 | D:1      | Reached skill level 5 in Polearms
   963 | D:2      | Reached XP level 3. HP: 25/28 MP: 3/3
   991 | D:2      | Found a faded altar of an unknown god.
  1186 | D:2      | Reached XP level 4. HP: 12/34 MP: 4/4
  1753 | D:2      | Reached skill level 5 in Dodging
  2099 | D:2      | Found a shimmering blue altar of Sif Muna.
  2476 | D:2      | Reached XP level 5. HP: 40/40 MP: 5/5
  2847 | D:2      | Found a sacrificial altar of Ru.
  3173 | D:3      | Reached skill level 1 in Armour
  3179 | D:3      | Reached skill level 3 in Fighting
  3878 | D:4      | Found Sopuh's Armour Emporium.
  4076 | D:4      | Found a glowing silver altar of Zin.
  4115 | D:4      | Found a white marble altar of Elyvilon.
  4129 | D:4      | Noticed Blork the orc
  4155 | D:4      | Killed Blork the orc
  4156 | D:4      | Reached skill level 1 in Evocations
  4156 | D:4      | Reached XP level 6. HP: 24/47 MP: 6/6
  4757 | D:4      | Noticed Grinder
  4761 | D:4      | Killed Grinder
  4762 | D:4      | Reached skill level 1 in Shields
  4762 | D:4      | Reached XP level 7. HP: 53/53 MP: 7/7
  5560 | D:4      | Reached skill level 4 in Fighting
  5988 | D:5      | Entered Level 5 of the Dungeon
  6220 | D:5      | Reached XP level 8. HP: 60/60 MP: 8/8
  6402 | D:5      | Noticed Sigmund
  6412 | D:5      | Killed Sigmund
  6502 | D:5      | Found a staircase to the Ecumenical Temple.
  6511 | Temple   | Entered the Ecumenical Temple
  6714 | Temple   | Became a worshipper of Warmaster Okawaru
  7298 | D:6      | Reached skill level 10 in Polearms
  7511 | D:6      | Reached skill level 1 in Invocations
  7693 | D:6      | Reached * piety under Okawaru
  8094 | D:6      | Reached XP level 9. HP: 61/67 MP: 10/10
  8131 | D:6      | Reached skill level 5 in Fighting
  8392 | D:7      | Reached ** piety under Okawaru
  8632 | D:7      | Found a sand-covered staircase.
  8637 | Ossuary  | Entered an ossuary
  9937 | D:8      | Reached XP level 10. HP: 74/74 MP: 11/11
  9956 | D:8      | Noticed Harold
  9995 | D:8      | Killed Harold
  9995 | D:8      | Reached *** piety under Okawaru
  9996 | D:8      | Reached skill level 5 in Armour
 10369 | D:8      | Found a broken altar of Ashenzari.
 10694 | D:8      | Reached **** piety under Okawaru
 10837 | D:8      | Noticed Gastronok
 10866 | D:8      | Killed Gastronok
 10867 | D:8      | Reached skill level 6 in Fighting
 11354 | D:8      | Noticed Joseph
 11372 | D:8      | Killed Joseph
 11557 | D:9      | Noticed Grum
 11558 | D:9      | Reached skill level 7 in Fighting
 11572 | D:8      | Reached XP level 11. HP: 68/84 MP: 14/14
 11684 | D:9      | Killed Grum
 11695 | D:9      | Found a sparkling altar of Nemelex Xobeh.
 11708 | D:9      | Identified a scroll of acquirement
 11713 | D:9      | Acquired the ring "Palilu Nesos" {*Contam rElec Str+6
                  | Int+3}
 11846 | D:9      | Found a hide-covered altar of Uskayaw.
 11969 | D:9      | Noticed Erica
 11984 | D:9      | Noticed Maggie
 11994 | D:9      | Killed Maggie
 12069 | D:9      | Found Mady's Magic Scroll Boutique.
 12204 | D:9      | Reached skill level 5 in Invocations
 12206 | D:9      | Bought a scroll of enchant weapon for 105 gold pieces
 12270 | D:9      | Noticed a moth of wrath
 12273 | D:9      | Found a bloodstained altar of Trog.
 12329 | D:9      | Reached ***** piety under Okawaru
 12488 | D:9      | Killed Erica
 12742 | D:10     | Entered Level 10 of the Dungeon
 12834 | D:10     | Found a staircase to the Orcish Mines.
 12909 | D:10     | Noticed an oklob plant
 12965 | D:10     | Found a staircase to the Lair.
 13062 | D:10     | Found a runed translucent gate.
 13063 | D:10     | Found a runed translucent gate.
 13069 | D:10     | Found a runed translucent gate.
 13103 | D:10     | Noticed Zeld's ghost (journeyman MiBe)
 13373 | D:10     | Killed an oklob plant
 13374 | D:10     | Reached skill level 5 in Throwing
 13394 | Lair:1   | Entered Level 1 of the Lair of Beasts
 13503 | Lair:1   | Reached skill level 8 in Fighting
 13507 | Lair:1   | Found a frozen archway.
 13512 | IceCv    | Entered an ice cave
 13869 | Lair:1   | Received a gift from Okawaru
 13872 | Lair:1   | Got an encrusted ring mail {god gift}
 13883 | Lair:1   | Identified the +1 ring mail of Decompression {rF- rN+ MP+9
                  | Int+10} (Okawaru gifted it to you on level 1 of the Lair of
                  | Beasts)
 14232 | Lair:1   | Reached skill level 9 in Fighting
 14606 | Lair:1   | Gained mutation: You are strong-willed. (Will+) [potion of
                  | mutation]
 14606 | Lair:1   | Gained mutation: You are agile. (Dex +2) [potion of
                  | mutation]
 14606 | Lair:1   | Gained mutation: You can translocate small distances at
                  | will. [potion of mutation]
 14607 | Lair:1   | Lost mutation: You are agile. (Dex +2) [potion of mutation]
 14607 | Lair:1   | Lost mutation: You can translocate small distances at will.
                  | [potion of mutation]
 14607 | Lair:1   | Lost mutation: You are strong-willed. (Will+) [potion of
                  | mutation]
 14607 | Lair:1   | Gained mutation: You have an increased reservoir of magic.
                  | (+10% MP) [potion of mutation]
 14607 | Lair:1   | Gained mutation: You are agile. (Dex +2) [potion of
                  | mutation]
 14711 | Lair:2   | Reached XP level 12. HP: 92/95 MP: 16/18
 15170 | Lair:2   | Noticed a six-headed hydra
 15202 | Lair:2   | Killed a six-headed hydra
 15270 | Lair:2   | Noticed a boulder beetle
 15297 | Lair:2   | Killed a boulder beetle
 15416 | Lair:2   | Reached skill level 10 in Fighting
 15487 | Lair:2   | Reached skill level 10 in Dodging
 16021 | Lair:3   | Received a gift from Okawaru
 16355 | Lair:3   | Found a staircase to the Snake Pit.
 16453 | Lair:3   | Received a gift from Okawaru
 16467 | Lair:3   | Identified a +1 pair of boots of running (Okawaru gifted it
                  | to you on level 3 of the Lair of Beasts)
 16582 | Lair:3   | Reached XP level 13. HP: 103/103 MP: 20/20
 17388 | Lair:4   | Found the +9 staff of Olgreb {rPois∞}
 17621 | Lair:4   | Found a staircase to the Shoals.
 17864 | Lair:4   | Noticed Urug
 17882 | Lair:4   | Killed Urug
 18820 | Lair:5   | Found a viscous altar of Jiyva.
 18820 | Lair:5   | Found a staircase to the Slime Pits.
 19004 | Lair:5   | Reached skill level 5 in Shields
 19479 | Lair:6   | Entered Level 6 of the Lair of Beasts
 19519 | Lair:6   | Received a gift from Okawaru
 19551 | Lair:6   | Received a gift from Okawaru
 19555 | Lair:6   | Reached ****** piety under Okawaru
 19573 | Lair:6   | Reached skill level 11 in Fighting
 19853 | Lair:6   | Identified Luxzu's Tome of Toxic Summoning
 19866 | Lair:6   | Reached XP level 14. HP: 93/113 MP: 17/22
 20286 | Lair:6   | Received a gift from Okawaru
 21333 | Lair:6   | Reached skill level 12 in Fighting
 21366 | Lair:6   | Found a large runed translucent door.
 21367 | Lair:6   | Found a large runed translucent door.
 22441 | D:11     | Found a runed translucent gate.
 22441 | D:11     | Found a runed translucent gate.
 22443 | D:11     | Found a runed translucent gate.
 22444 | D:11     | Noticed Zeld's ghost (journeyman OpGl)
 22602 | D:11     | You fall into a shaft and drop 1 floor!
 22646 | D:12     | Found an opulent altar of Gozag.
 22679 | D:12     | Acquired the +2 trident of Discord {speed, Stlth+}
 22687 | D:12     | Found a burning altar of Makhleb.
 22781 | D:12     | Received a gift from Okawaru
 23332 | D:12     | Received a gift from Okawaru
 23379 | D:12     | Found a runed translucent gate.
 23379 | D:12     | Found a runed translucent gate.
 23379 | D:12     | Found a runed translucent gate.
 23860 | D:12     | Noticed Duder's ghost (journeyman MiBe)
 23946 | D:12     | Found Ukhloschant's Armour Shoppe.
 24366 | D:13     | Reached skill level 10 in Throwing
 24366 | D:13     | Reached XP level 15. HP: 115/122 MP: 21/23
 25424 | D:14     | Reached skill level 10 in Shields
 26052 | D:14     | Noticed Agnes
 26516 | D:14     | Killed Agnes
 26712 | D:14     | Found a gate to the Vaults.
 26765 | D:14     | Received a gift from Okawaru
 26873 | D:14     | Reached skill level 13 in Fighting
 27183 | D:15     | Entered Level 15 of the Dungeon
 27235 | D:15     | Reached skill level 5 in Evocations
 27379 | D:15     | Found a staircase to the Depths.
 27379 | D:15     | Noticed a fire giant
 27397 | D:15     | Killed a fire giant
 27715 | D:15     | Received a gift from Okawaru
 28168 | D:15     | Received a gift from Okawaru
 28190 | D:15     | Received a gift from Okawaru
 28191 | D:15     | Reached XP level 16. HP: 123/131 MP: 21/24
 29005 | Orc:1    | Entered Level 1 of the Orcish Mines
 29018 | D:10     | Received a gift from Okawaru
 29025 | D:10     | Got an ichor-stained trident {god gift}
 29027 | D:10     | Identified the +6 trident of the Bouncing Tables {drain,
                  | Will+ Int+2} (Okawaru gifted it to you on level 10 of the
                  | Dungeon)
 29225 | Orc:2    | Entered Level 2 of the Orcish Mines
 29395 | Orc:2    | Found a staircase to the Elven Halls.
 30138 | Orc:1    | Found Wucat's Book Shoppe.
 31500 | Orc:2    | Found Wiev's Book Shoppe.
 31500 | Orc:2    | Found Puonnu's Antique Armour Shoppe.
 31502 | Orc:2    | Found Hayrob's Antique Weapon Emporium.
 31507 | Orc:2    | Found Raopouhuri's Jewellery Emporium.
 31509 | Orc:2    | Bought a diamond-encrusted chain mail for 237 gold pieces
 31519 | Orc:2    | Identified the +0 chain mail of Ecoepsus {rPois Str+4
                  | Int+5} (You bought it in a shop on level 2 of the Orcish
                  | Mines)
 31881 | Shoals:1 | Entered Level 1 of the Shoals
 32187 | Shoals:1 | Received a gift from Okawaru
 32265 | Shoals:1 | Noticed a kraken
 32760 | Shoals:2 | Found Meptel's Distillery.
 32763 | Shoals:2 | Bought a potion of haste for 160 gold pieces
 32763 | Shoals:2 | Bought a potion of heal wounds for 80 gold pieces
 33003 | Shoals:2 | Reached skill level 14 in Fighting
 33215 | Shoals:2 | Found Rezoemal's Armour Shoppe.
 33467 | Shoals:2 | Bought a +1 cloak of preservation for 297 gold pieces
 33468 | Shoals:2 | Found Fuibbos's Book Shop.
 33989 | Shoals:2 | Found Catodghus's Jewellery Shop.
 35589 | Shoals:4 | Entered Level 4 of the Shoals
 35599 | Shoals:4 | Received a gift from Okawaru
 35614 | Shoals:4 | Reached skill level 15 in Dodging
 35625 | Shoals:4 | Reached XP level 17. HP: 117/140 MP: 23/25
 35906 | Shoals:4 | Received a gift from Okawaru
 36035 | Shoals:4 | Received a gift from Okawaru
 36094 | Shoals:4 | Received a gift from Okawaru
 36097 | Shoals:4 | Got a masterwork glaive {god gift}
 36499 | Shoals:3 | Identified the +7 glaive "Hellblazer" {venom, rN+} (Okawaru
                  | gifted it to you on level 4 of the Shoals)
 36804 | Shoals:4 | Identified Sif Muna's Volume of the Birds and Enchantment
 36814 | Shoals:4 | Identified the +7 flail "Ipouce" {drain, rN+ Will+ Dex-3}
 37355 | Shoals:4 | Reached skill level 15 in Shields
 37786 | Shoals:4 | Reached skill level 15 in Fighting
 37862 | Shoals:4 | Got a barnacled rune of Zot
 37891 | Shoals:4 | Noticed Polyphemus
 37929 | Shoals:4 | Killed Polyphemus
 37929 | Shoals:4 | Received a gift from Okawaru
 38440 | Shoals:4 | Got a warped silver ring
 38447 | Shoals:4 | Identified the ring of Midsummer {rElec rN+ SInv Stlth+}
                  | (You found it on level 4 of the Shoals)
 38633 | Shoals:4 | Identified the Compendium of Damage Dealing
 39390 | Elf:1    | Entered Level 1 of the Elven Halls
 39447 | Elf:1    | Identified the cursed +0 kite shield "Jalyot" {+Fly Str+3}
 39447 | Elf:1    | Noticed Donald
 39471 | Elf:1    | Killed Donald
 39835 | Elf:1    | Noticed Frances
 39846 | Elf:1    | Killed Frances
 40148 | Elf:1    | Received a gift from Okawaru
 40227 | Elf:1    | Found Carchijull's Distillery.
 40227 | Elf:1    | Found Fixecak's Magic Scroll Boutique.
 40233 | Elf:1    | Bought a scroll of enchant weapon for 90 gold pieces
 40233 | Elf:1    | Bought a scroll of magic mapping for 42 gold pieces
 40237 | Elf:1    | Bought a potion of mutation for 152 gold pieces
 40237 | Elf:1    | Bought a potion of haste for 190 gold pieces
 40237 | Elf:1    | Bought a potion of mutation for 152 gold pieces
 40237 | Elf:1    | Lost mutation: You are agile. (Dex +2) [potion of mutation]
 40237 | Elf:1    | Lost mutation: You have an increased reservoir of magic.
                  | (+10% MP) [potion of mutation]
 40237 | Elf:1    | Gained mutation: Potions are less effective at restoring
                  | your health. [potion of mutation]
 40237 | Elf:1    | Gained mutation: Your body sometimes deteriorates upon
                  | taking damage. [potion of mutation]
 40237 | Elf:1    | Gained mutation: You possess an exceptional clarity of
                  | mind. [potion of mutation]
 40238 | Elf:1    | Lost mutation: Your body sometimes deteriorates upon taking
                  | damage. [potion of mutation]
 40238 | Elf:1    | Lost mutation: You possess an exceptional clarity of mind.
                  | [potion of mutation]
 40238 | Elf:1    | Gained mutation: You have a pair of small horns on your
                  | head. [potion of mutation]
 40238 | Elf:1    | Gained mutation: Your spells are a little harder to cast,
                  | but a little more powerful. [potion of mutation]
 40238 | Elf:1    | Gained mutation: You are covered in fur. (AC +1) [potion of
                  | mutation]
 40289 | Elf:1    | Reached XP level 18. HP: 149/149 MP: 24/24
 40383 | Elf:1    | Found Uxzibei's Weapon Boutique.
 40448 | Elf:1    | Found Efaav's Weapon Emporium.
 41162 | Elf:2    | Received a gift from Okawaru
 41466 | Elf:2    | Found a runed translucent gate.
 41466 | Elf:2    | Found a runed translucent gate.
 41467 | Elf:2    | Found a runed translucent gate.
 41476 | Elf:2    | Noticed a deep elf blademaster
 41491 | Elf:2    | Received a gift from Okawaru
 41502 | Elf:2    | Killed a deep elf blademaster
 41804 | Elf:2    | Reached skill level 10 in Armour
 42422 | Elf:2    | Received a gift from Okawaru
 42605 | Elf:3    | Entered Level 3 of the Elven Halls
 43585 | Elf:3    | Reached XP level 19. HP: 151/155 MP: 25/25
 43586 | Elf:3    | Acquired 705 gold pieces
 43711 | Elf:3    | Received a gift from Okawaru
 44201 | Elf:3    | Identified the ring of Ismal {rN+ Slay+5}
 44250 | Elf:3    | Identified the Incunabulum of Hurtful Shape Shifting
 45017 | Elf:3    | Acquired a manual of Polearms
 45466 | Snake:1  | Entered Level 1 of the Snake Pit
 45476 | Snake:1  | Reached skill level 16 in Fighting
 45989 | Snake:1  | Found Giocet's Magic Scroll Shoppe.
 45998 | Snake:1  | Bought a scroll of enchant weapon for 105 gold pieces
 45998 | Snake:1  | Bought a scroll of acquirement for 728 gold pieces
 46007 | Snake:1  | Acquired 911 gold pieces
 46522 | Snake:2  | Received a gift from Okawaru
 46983 | Snake:2  | Received a gift from Okawaru
 46995 | Snake:2  | Got a slimy buckler {god gift}
 47006 | Snake:2  | Identified the +3 buckler "Gasofuwn" {Rampage MP+9 Str+4}
                  | (Okawaru gifted it to you on level 2 of the Snake Pit)
 48229 | Snake:3  | Reached XP level 20. HP: 153/166 MP: 24/26
 48389 | Snake:3  | Noticed Kirke
 48415 | Snake:3  | Killed Kirke
 49184 | Elf:3    | Got a jewelled plate armour
 49185 | Elf:3    | Identified the +8 plate armour of Vivont {rElec Dex+4} (You
                  | found it on level 3 of the Elven Halls)
 49492 | Snake:4  | Entered Level 4 of the Snake Pit
 50014 | Snake:4  | Reached skill level 17 in Fighting
 50598 | Snake:4  | Found Fihum Qyf's Book Emporium.
 50701 | Snake:4  | Found Evoigy's Weapon Shoppe.
 50785 | Snake:4  | Received a gift from Okawaru
 51232 | Snake:4  | Reached skill level 15 in Throwing
 51414 | Snake:4  | Received a gift from Okawaru
 51417 | Snake:4  | Got a faintly humming plate armour {god gift}
 51428 | Snake:4  | Identified the +9 plate armour of Free Will {rC- rN+++
                  | Dex+2 Stlth+} (Okawaru gifted it to you on level 4 of the
                  | Snake Pit)
 51746 | Snake:4  | Reached skill level 18 in Fighting
 52375 | Snake:4  | Got a serpentine rune of Zot
 52897 | Lair:1   | Gained mutation: You tend to lose your temper in combat.
                  | [mutagenic glow]
 52985 | Vaults:1 | Entered Level 1 of the Vaults
 53066 | Vaults:1 | Found Noiruw's Antique Armour Emporium.
 53069 | Vaults:1 | Bought a slimy plate armour for 840 gold pieces
 53069 | Vaults:1 | Identified the +1 plate armour of Winter {Str+7} (You
                  | bought it in a shop on level 1 of the Vaults)
 53087 | Vaults:1 | Found Edalon's Antique Weapon Boutique.
 53152 | Vaults:1 | Found a transporter.
 53153 | Vaults:1 | Found a shimmering blue altar of Sif Muna.
 53379 | Vaults:1 | Reached XP level 21. HP: 178/178 MP: 23/27
 53876 | Vaults:1 | Found Sopher's Weapon Shoppe.
 53991 | Vaults:1 | Received a gift from Okawaru
 54003 | Vaults:1 | Reached skill level 19 in Fighting
 54272 | Vaults:1 | Found Nebirud's General Store.
 54438 | Vaults:1 | Found Yveje's Weapon Emporium.
 54570 | Vaults:2 | Noticed Aizul
 54690 | Vaults:2 | Killed Aizul
 54857 | Vaults:2 | Noticed Bai Suzhen
 54884 | Vaults:2 | Killed Bai Suzhen
 55067 | Vaults:2 | Reached skill level 20 in Fighting
 55627 | Vaults:2 | Received a gift from Okawaru
 55790 | Vaults:2 | Received a gift from Okawaru
 55828 | Vaults:2 | Received a gift from Okawaru
 56272 | Vaults:2 | Found a white marble altar of Elyvilon.
 56471 | Vaults:3 | Received a gift from Okawaru
 56527 | Vaults:3 | Reached XP level 22. HP: 175/190 MP: 23/28
 57274 | Vaults:3 | Found a staircase to the Crypt.
 58011 | Vaults:3 | Reached skill level 15 in Armour
 58892 | Vaults:3 | Received a gift from Okawaru
 59151 | Vaults:4 | Noticed Xtahua
 59178 | Vaults:3 | Killed Xtahua
 59857 | Vaults:4 | Received a gift from Okawaru
 60053 | Vaults:4 | Noticed Boris
 60071 | Vaults:4 | Killed Boris
 60244 | Vaults:4 | Received a gift from Okawaru
 60815 | Vaults:4 | Reached XP level 23. HP: 188/196 MP: 27/29
 61209 | Depths:1 | Entered Level 1 of the Depths
 61613 | Depths:1 | Gained mutation: You are frail. (-10% HP) [a neqoxec]
 61672 | Depths:1 | Noticed Sojobo
 61700 | Depths:1 | Killed Sojobo
 62210 | Depths:1 | Received a gift from Okawaru
 62294 | Depths:1 | Found the +12 Vampire's Tooth {vamp}
 62577 | Depths:1 | Found a gateway to Hell.
 62696 | Depths:1 | Found a one-way gate leading to the halls of Pandemonium.
 63091 | Depths:1 | Received a gift from Okawaru
 63457 | Depths:2 | Received a gift from Okawaru
 63942 | Depths:2 | Identified the ring of Lesser Demons {Fire Str+3 Stlth+}
 64323 | Depths:2 | Received a gift from Okawaru
 64328 | Depths:2 | Got a translucent scale mail {god gift}
 64422 | Depths:2 | Identified the +0 scale mail of Perpetual Drought {rPois
                  | Int+3} (Okawaru gifted it to you on level 2 of the Depths)
 65050 | Snake:4  | Lost mutation: Your spells are a little harder to cast, but
                  | a little more powerful. [potion of mutation]
 65050 | Snake:4  | Lost mutation: You are covered in fur. (AC +1) [potion of
                  | mutation]
 65050 | Snake:4  | Lost mutation: You tend to lose your temper in combat.
                  | [potion of mutation]
 65050 | Snake:4  | Lost mutation: You are frail. (-10% HP) [potion of
                  | mutation]
 65050 | Snake:4  | Gained mutation: You have supernaturally acute eyesight.
                  | (SInv) [potion of mutation]
 65050 | Snake:4  | Gained mutation: You have a pair of horns on your head.
                  | [potion of mutation]
 65678 | Depths:3 | Reached XP level 24. HP: 206/206 MP: 29/29
 65728 | Depths:3 | Reached skill level 21 in Fighting
 65927 | Depths:3 | Found a one-way gate to the infinite horrors of the Abyss.
 66064 | Depths:3 | Found a gateway to a ziggurat.
 66878 | Depths:4 | Noticed Mara
 66889 | Depths:4 | Noticed Gorgoleon's illusion
 66899 | Depths:4 | Killed Mara
 66899 | Depths:4 | Received a gift from Okawaru
 67070 | Depths:4 | Noticed a caustic shrike
 67079 | Depths:4 | Killed a caustic shrike
 67111 | Depths:4 | Noticed a caustic shrike
 67122 | Depths:4 | Killed a caustic shrike
 67128 | Depths:4 | Noticed a juggernaut
 67167 | Depths:4 | Reached skill level 22 in Fighting
 67194 | Depths:4 | Killed a juggernaut
 67211 | Depths:4 | Received a gift from Okawaru
 67242 | Depths:4 | Received a gift from Okawaru
 67811 | Depths:4 | Received a gift from Okawaru
 68222 | Depths:5 | Entered Level 5 of the Depths
 68609 | Depths:4 | Reached skill level 23 in Fighting
 68797 | Depths:5 | Found a runed translucent gate.
 68797 | Depths:5 | Found a runed translucent gate.
 68797 | Depths:5 | Found a runed translucent gate.
 68797 | Depths:5 | Noticed Dameikh's ghost (veteran FoFi)
 68798 | Depths:5 | Noticed Rogirigh's ghost (journeyman MiBe)
 68798 | Depths:5 | Noticed Gemnonof's ghost (adept DgCj)
 68798 | Depths:5 | Noticed Dameikh's ghost (veteran FoFi)
 68816 | Depths:5 | Got a faintly glowing silver ring
 68817 | Depths:5 | Identified the ring of the Mutiny {rC+ MP+9 Dex+2} (You
                  | found it on level 5 of the Depths)
 69156 | Depths:5 | Reached XP level 25. HP: 181/221 MP: 29/29
 69472 | Depths:5 | Received a gift from Okawaru
 69606 | Depths:5 | Received a gift from Okawaru
 69610 | Depths:5 | Got a twisted plate armour {god gift}
 69612 | Depths:5 | Identified the +4 plate armour "Foby" {rPois SInv Stlth+}
                  | (Okawaru gifted it to you on level 5 of the Depths)
 70124 | Depths:5 | Found a gate to the Realm of Zot.
 71298 | Elf:1    | Bought a scroll of blinking for 90 gold pieces
 71304 | Elf:1    | Bought a potion of haste for 190 gold pieces
 71304 | Elf:1    | Bought a potion of haste for 190 gold pieces
 71586 | Vaults:5 | Entered Level 5 of the Vaults
 71608 | Vaults:5 | Reached skill level 24 in Fighting
 71761 | Vaults:5 | Received a gift from Okawaru
 71829 | Vaults:5 | Paralysed by an ogre mage for 5 turns
 71840 | Vaults:5 | Reached skill level 25 in Fighting
 71922 | Vaults:5 | Noticed Boris
 71931 | Vaults:5 | Identified the +8 hand axe "Vaususam" {vorpal, +Rage Will+
                  | Int+8 Dex-4}
 71944 | Vaults:5 | Paralysed by a sphinx for 4 turns
 71954 | Vaults:5 | Killed Boris
 71964 | Vaults:5 | Mangled by a frost giant

Illustrated notes

Levels and vault maps discovered:
D:1:      erik_arrival_blinker_ship, layout_loops_cross,
          minmay_gold_behind_fungi, minmay_misc_feat_secret_circle
D:2:      layout_loops_corners, lemuel_blue_sif_altar,
          chequers_ecumenical_altar_island, serial_forest,
          infiniplex_forest_straight_4, infiniplex_forest_clump_long,
          infiniplex_forest_straight_2, infiniplex_forest_diagonal,
          infiniplex_forest_corner_2, infiniplex_forest_straight_2,
          infiniplex_forest_clump_tiny, infiniplex_forest_corner_1, hex_tiny,
          st_stairs_13, nicolae_ru_path_of_blood
D:3:      layout_basic
D:4:      layout_gridville, marbit_many_paths, serial_shops, shop,
          elyvilon_altar_4, uniq_blork_the_orc, uniq_grinder
D:5:      layout_cave_pods, temple_green, uniq_sigmund
D:6:      minmay_razor_zed, layout_basic, minmay_misc_feat_alley,
          minmay_increasing_density
D:7:      layout_layer_cave, enter_ossuary_2
D:8:      layout_gridville, nicolae_ashenzari_panopticon, enter_bailey_5,
          uniq_joseph, uniq_gastronok, uniq_harold
D:9:      layout_cross, eat_drink_and_be_merry_uskayaw, tgw_trog,
          lemuel_round_altar, serial_shops, shop_scrolls, serial_undead,
          serial_undead_c, serial_undead_c, serial_undead_d, serial_undead_e,
          serial_undead_e, serial_undead_d, serial_undead_f, uniq_erica,
          uniq_grum, uniq_maggie
D:10:     layout_rooms, dpeg_oklobed_lair, orc_0_dummy, gammafunk_ghost_icy,
          kennysheep_generic_room_16
D:11:     layout_cave_pools, gammafunk_ghost_hydra_chop,
          kennysheep_generic_room_12
D:12:     layout_rooms, basic_altar, maelrawn_ghost_gauntlet_escape,
          serial_shops, kennysheep_mini_moat, nicolae_gozag_seed_capital
D:13:     layout_long_grid, special_room [special_room_orc], minivault_16
D:14:     layout_grid_maze, erik_vaults_2, nicolae_benzene_ring,
          gauntlet_entry_generic, uniq_agnes
D:15:     grunt_enter_depths_giant_problem, layout_grid_maze
Temple:   regret_index_temple_generic_petals
Lair:1:   layout_long_grid, portal_ice_cave_entry_pillars_1
Lair:2:   layout_hall_layers
Lair:3:   lemuel_slime, layout_cave_pods, guppyfry_snake_entry_island
Lair:4:   layout_layer_cave, elwin_shoals_entry_rooms,
          nicolae_lair_grove_arrangements, chequers_serial_rivers_marsh,
          chequers_serial_rivers_marsh, uniq_urug
Lair:5:   layout_roguey, dpeg_slime_entry_enclosed_altar
Lair:6:   cheibrodos_lair_end_hotspot, layout_gridlike
Shoals:1: layout_shoals
Shoals:2: layout_shoals, serial_shops, shop, nicolae_shop_trees, shop,
          nicolae_shop_window_shopping
Shoals:3: layout_shoals
Shoals:4: shoals_end_hangedman, layout_shoals, uniq_polyphemus
Snake:1:  layout_onion, serial_shops, shop, serial_bayou_pond_a
Snake:2:  layout_onion_interference
Snake:3:  layout_onion, nicolae_snake_salamander_stairs, uniq_kirke
Snake:4:  grunt_snake_rune_serpentine_throne, layout_cave_shapes, serial_shops,
          nicolae_shop_crystal, nicolae_shop_crystal, serial_bayou_shore_a
Orc:1:    layout_caves, serial_shops, shop
Orc:2:    st_orc_mages, layout_caves
Elf:1:    eino_elf_arrival_sip, layout_geoelf_diagonals, serial_shops, shop,
          shop_fountains, shop, shop, hangedman_elven_crosses_minicolossus,
          uniq_donald, uniq_frances
Elf:2:    layout_geoelf_octagon, nicolae_elf_glass_and_crystal_pillar_2
Elf:3:    elf_hall, layout_loops_cross, hangedman_corner_corridor
Vaults:1: vaults_room_hallway, hangedman_vaults_nodes, nicolae_vaults_network_s,
          nicolae_vaults_three_branches, hangedman_vaults_capsules,
          gammafunk_sealed_library, layout_vaults_chaotic_city, serial_shops,
          shop, nicolae_shop_waterfront, nicolae_shop_waterfront, shop, shop
Vaults:2: grunt_vaults_diagonal, nicolae_vaults_little_squares_5, v_misc_10,
          vaults_room_pool, serial_ice_g, vaults_room_ringed_pool,
          st_smaller_cells, vaults_dpeg_encased_lava, grunt_vaults_twisty,
          vaults_mumra_hex, vaults_room_fancy_cross, layout_vaults_maze,
          basic_altar, uniq_bai_suzhen, uniq_aizul
Vaults:3: v_misc_27, ontoclasm_vaults_idyll, minmay_crypt_entry_simple_statues,
          ontoclasm_vaults_decontamination, v_alt_pattern_5, st_lines,
          v_misc_31, vaults_room_semicircle, layout_vaults_quadrants
Vaults:4: vaults_room_door_hall, nicolae_vaults_circle_grid_a, v_misc_13,
          dpeg_vaults_monster_box, nicolae_vaults_little_squares_5, v_misc_19,
          v_pattern_1, vaults_dpeg_cross, nicolae_vaults_network_periphery,
          v_misc_16, vaults_room_pool, vaults_dpeg_hooks, layout_vaults_ring,
          uniq_boris, uniq_xtahua
Vaults:5: serial_shops
Depths:1: layout_long_grid, ebering_dispersal_statue_hall,
          pf_vacation_house_of_asmodeus, grunt_pan_entry_spiral,
          amcnicky_mini_pool_small, minmay_guarded_unrand_vampires_tooth,
          kennysheep_random_hallway, uniq_sojobo
Depths:2: hangedman_screamer, layout_honeycomb, grunt_mini_vestibule,
          corexii_corridor_pit, minmay_staircase_statues
Depths:3: minmay_inside_and_out, layout_long_grid, enter_ziggurat_f,
          abyss_entry, pan_entry, grunt_hell_entry_dis_grunt,
          chequers_serial_rivers_micro_c, infiniplex_staircase_zigzag_3,
          firewood_loft
Depths:4: minmay_dotted_concentric_squares, layout_gridville,
          minmay_misc_feat_pillars, pf_hell_entry_tar_river, abyss_entry,
          uniq_mara
Depths:5: grunt_zot_entry_hairpin, layout_cave_shapes, gammafunk_ghost_cemetery,
          abyss_entry, hangedman_decor_clover_reticule, hell_entry

Skill      XL: |  1  2  3  4  5  6  7  8  9 10 11 12 13 14 15 16 17 18 19 20 21 22 23 24 25 |
---------------+----------------------------------------------------------------------------+-----
Polearms       | 5 6 7 8 9 10 14 | 14.0
Dodging        | 5 6 8 11 13 14 15 17 18 19 20 21 22 | 22.2
Armour         | 1 2 3 4 5 6 7 8 11 12 13 14 16 18 | 18.0
Fighting       | 3 4 5 7 9 10 11 12 13 14 15 16 18 20 23 25 | 25.2
Evocations     | 1 2 3 5 |  5.0
Shields        | 1 4 7 9 11 14 15 | 15.0
Invocations    | 2 4 6 8 |  8.0
Throwing       | 4 5 7 8 10 11 12 14 15 16 | 16.0

Action                   |  1- 3 |  4- 6 |  7- 9 | 10-12 | 13-15 | 16-18 | 19-21 | 22-24 | 25-27 || total
-------------------------+-------+-------+-------+-------+-------+-------+-------+-------+-------++-------
Melee: Trident           |   103 |   246 |   601 |   746 |   800 |  1362 |       |       |       ||  3858
       Demon trident     |       |       |       |       |   830 |   661 |  1511 |  1867 |   362 ||  5231
       Tailslap          |       |       |       |       |       |    53 |       |    13 |       ||    66
       Headbutt          |       |       |       |       |       |    95 |   317 |   499 |   111 ||  1022
Throw: Stone             |       |     7 |    10 |    33 |     1 |       |       |       |       ||    51
       Javelin           |       |       |     3 |       |     9 |       |    41 |    42 |    44 ||   139
       Throwing net      |       |       |     2 |       |       |       |       |       |       ||     2
       Boomerang         |       |       |       |       |   113 |    64 |   106 |    17 |    11 ||   311
Invok: Heroism           |       |       |     2 |    10 |     9 |    16 |    14 |     8 |     4 ||    63
       Finesse           |       |       |       |     1 |     1 |     6 |     8 |     3 |     3 ||    22
Evoke: Wand              |       |     4 |     1 |       |       |     4 |       |     1 |       ||    10
       Condenser vane    |       |       |       |       |       |       |     1 |     2 |     1 ||     4
       Box of beasts     |       |       |       |       |       |       |     1 |     2 |       ||     3
       Phial of floods   |       |       |       |       |       |       |       |     1 |       ||     1
       Phantom mirror    |       |       |       |       |       |       |       |     1 |       ||     1
       Tin of tremorston |       |       |       |       |       |       |       |       |     1 ||     1
  Use: Potion            |     1 |     5 |     1 |     4 |     3 |     6 |     3 |     2 |     7 ||    32
       Scroll            |       |       |    18 |    12 |    16 |    13 |    16 |    11 |     6 ||    92
 Stab: Sleeping          |     2 |     1 |     5 |       |     1 |     1 |       |       |       ||    10
       Distracted        |       |     1 |       |       |     2 |       |     1 |       |       ||     4
       Held in net/web   |       |       |     1 |       |       |       |       |       |       ||     1
       Petrified         |       |       |       |       |     3 |       |       |       |       ||     3
       Confused          |       |       |       |       |       |       |       |    12 |     3 ||    15
Armor: Leather armour    |    23 |    41 |     7 |       |       |       |       |       |       ||    71
       Ring mail         |       |       |   102 |   104 |   166 |   114 |       |       |       ||   486
       Chain mail        |       |       |       |       |       |    48 |   107 |       |       ||   155
       Plate armour      |       |       |       |       |       |       |    79 |   288 |    60 ||   427
Dodge: Dodged            |    61 |   117 |   243 |   330 |   491 |   767 |   518 |   526 |   112 ||  3165
Block: Buckler           |       |    24 |    87 |   127 |    14 |       |       |       |       ||   252
       Kite shield       |       |       |       |       |   525 |   911 |   709 |  1003 |   223 ||  3371
       Reflection        |       |       |       |       |       |       |       |    24 |    23 ||    47
